[Event "Late-Titled-Tuesday-Blitz-November-28-2023"]
[Site "Chess.com"]
[Date "2023.11.28"]
[Round "4"]
[White "Godzillator"]
[Black "Alohamora11"]
[Result "0-1"]
[WhiteElo "2348"]
[BlackElo "2568"]
[TimeControl "180+1"]
[EndTime "14:37:17 PST"]
[Termination "Alohamora11 won on time"]

1. d4 Nf6 2. Bg5 e6 3. e4 c5 4. e5 h6 5. Bh4 g5 6. exf6 gxh4 7. dxc5 Qxf6 8. c3 Bxc5 9. Qf3 Qg5 10. Nd2 d5 11.
Nh3 Qe7 12. Bb5+ Bd7 13. Bxd7+ Nxd7 14. Nb3 O-O-O 15. Nxc5 Nxc5 16. O-O-O Kb8 17. Rhe1 Qc7 18. Nf4 d4 19. Kb1 dxc3 20. Qxc3 Qxf4 21. Qxc5 Rxd1+ 22. Rxd1 Rc8 23. Qe3 Qxe3 24. fxe3 Rg8 25. Rd2 Kc7 26.
Kc2 f5 27. Kd1 Rd8 28. Rxd8 Kxd8 29. Ke2 Kd7 30. Kf3 e5 31. e4 Ke6 32. exf5+ Kxf5 33. Ke3 e4 34. Kf2 Kf4 35. Ke2 e3 36. b3 b6 0-1

[Event "Late-Titled-Tuesday-Blitz-November-28-2023"]
[Site "Chess.com"]
[Date "2023.11.28"]
[Round "4"]
[White "FuenfgegenWilly"]
[Black "subham777"]
[Result "1-0"]
[WhiteElo "2496"]
[BlackElo "2644"]
[TimeControl "180+1"]
[EndTime "14:37:19 PST"]
[Termination "FuenfgegenWilly won by checkmate"]

1. e4 e6 2. d4 d5 3. exd5 exd5 4. Nf3 Nf6 5. Bd3 Bd6 6. Qe2+ Be7 7. Bf4 O-O 8. O-O Bg4 9. h3 Bh5 10. Nbd2 c5 11. g4 Bg6 12. dxc5 Bxc5 13. Nb3 Bb6 14. Ne5 Re8 15. Bxg6 hxg6 16. Qd3 Nc6 17. Rae1 Nxe5 18. Rxe5 Rxe5 19. Bxe5 Ne4 20. Kg2 Qd7 21. f3 Nf6 22.
Rd1 Re8 23. Bd4 Qe6 24. Bxb6 Qxb6 25. Rd2 Re1 26. Qd4 Qe6 27. Nc5 Re2+ 28. Rxe2 Qxe2+ 29. Qf2 Qb5 30. Nd3 b6 31. Qd4 Qc6 32. c3 Qe6 33.
Qe5 Qd7 34. Nb4 a5 35. Nd3 Qb5 36. Qd4 Nd7 37. Nf4 Qxb2+ 38. Kg3 Qxa2 39. Nxd5 Nc5 40. Ne7+ Kh7 41. Qd8 g5 42. Qg8+ Kh6 43. Qh8# 1-0

[Event "Late-Titled-Tuesday-Blitz-November-28-2023"]
[Site "Chess.com"]
[Date "2023.11.28"]
[Round "4"]
[White "drdaro"]
[Black "ahkashefi2800"]
[Result "0-1"]
[WhiteElo "2252"]
[BlackElo "2580"]
[TimeControl "180+1"]
[EndTime "14:37:20 PST"]
[Termination "ahkashefi2800 won by checkmate"]

1. d4 d5 2. Nf3 Nf6 3. g3 c6 4.
Bg2 Bf5 5. O-O e6 6. Nbd2 Nbd7 7. b3 Bb4 8. Bb2 O-O 9. a3 Bd6 10. Nh4 Bg4 11. c4 Re8 12. Qc2 Nf8 13. Rfe1 Bh5 14. e4 dxe4 15. Nxe4 Nxe4 16. Bxe4 Be7 17. Nf3 f5 18. g4 Bxg4 19. Ne5 Bh5 20. Bg2 Bd6 21. d5 cxd5 22. cxd5 Rc8 23. Qd3 Bxe5 24. Rxe5 Ng6 25. Ree1 Nf4 26. Qg3 Ng6 27. dxe6 f4 28. Qh3 Qg5 29. Kh1 Rc2 30. Bd4 f3 31. Bf1 Qg4 32. Qxg4 Bxg4 33. Bc4 Bh3 34. Re4 Kh8 35. Rd1 h6 36.
Bb5 Rxe6 37. Rxe6 Bxe6 38. Bd3 Nf4 39. Bxc2 Bh3 40. Bf5 Bg2+ 41. Kg1 Ne2# 0-1

[Event "Late-Titled-Tuesday-Blitz-November-28-2023"]
[Site "Chess.com"]
[Date "2023.11.28"]
[Round "4"]
[White "ural58"]
[Black "Freeeeeeeeeeeeeeeeee"]
[Result "0-1"]
[WhiteElo "2479"]
[BlackElo "2117"]
[TimeControl "180+1"]
[EndTime "14:37:20 PST"]
[Termination "Freeeeeeeeeeeeeeeeee won on time"]

1. e4 e5 2. Nf3 Nc6 3. Bc4 Nf6 4. Ng5 d5 5. exd5 Na5 6. Bb5+ Bd7 7. Qe2 Bd6 8.
Bxd7+ Qxd7 9. Nc3 O-O 10. O-O Rfe8 11. d3 Bf8 12. Qf3 Rad8 13. Bd2 b6 14. Rae1 Nxd5 15. Nxd5 Qxd5 16. Bxa5 bxa5 17. Qxd5 Rxd5 18. Ne4 Rb8 19. b3 f5 20. Nd2 Bb4 21. Re2 e4 22. Nc4 exd3 23.
cxd3 Rxd3 24. Re5 a4 25. bxa4 g6 26. h4 Bd6 27. Ra5 Rb7 28. h5 Rd4 29. Ne3 Rbb4 30.
Rxa7 Rxa4 31. Rb7 Rxa2 32. hxg6 hxg6 33. Rfb1 Rdd2 34. Nd1 f4 35. Kh2 f3+ 36. g3 Rxf2+ 37. Nxf2 Rxf2+ 38. Kh3 Rg2 39. R7b3 Rxg3+ 40. Kh4 Kg7 41.
Rf1 Kh6 0-1

[Event "Late-Titled-Tuesday-Blitz-November-28-2023"]
[Site "Chess.com"]
[Date "2023.11.28"]
[Round "4"]
[White "Ellaijio_B"]
[Black "NigelDwarf"]
[Result "1-0"]
[WhiteElo "2781"]
[BlackElo "2550"]
[TimeControl "180+1"]
[EndTime "14:37:21 PST"]
[Termination "Ellaijio_B won by resignation"]

1. e4 c5 2. Nc3 a6 3. g3 b5 4. Bg2 Bb7 5. d3 e6 6. Nf3 Nf6 7. O-O d6 8. a4 b4 9. Nb1 c4 10. Nbd2 cxd3 11. cxd3 Be7 12. a5 O-O 13. Nc4 Nbd7 14.
Be3 Ng4 15. Bb6 Qb8 16. h3 d5 17. exd5 exd5 18. Bd4 dxc4 19. hxg4 cxd3 20. Qxd3 h6 21.
Bxg7 Kxg7 22. Qxd7 Bf6 23. Nd4 Bxg2 24. Nf5+ Kg6 25. Kxg2 Rd8 26. Qc6 Ra7 27. Rh1 Rh8 28.
Nh4+ Kg7 29. Nf5+ Kg6 30. Rad1 Qb7 31. Rd6 Qxc6+ 32. Rxc6 Rd7 33. b3 h5 34. Nh4+ Kg7 35. Nf5+ Kg6 36. Rxa6 Rd5 37. Ne3 Rd3 38. gxh5+ Kg7 39.
Nf5+ Kh7 40. Rxf6 1-0

[Event "Late-Titled-Tuesday-Blitz-November-28-2023"]
[Site "Chess.com"]
[Date "2023.11.28"]
[Round "4"]
[White "seasidesunset"]
[Black "Gyulamiryan-koryun"]
[Result "0-1"]
[WhiteElo "2204"]
[BlackElo "1961"]
[TimeControl "180+1"]
[EndTime "14:37:21 PST"]
[Termination "Gyulamiryan-koryun won by checkmate"]

1. e4 e5 2. Nf3 Nc6 3. Bb5 a6 4. Ba4 Nf6 5. O-O Be7 6. d3 O-O 7. c3 d6 8. h3 b5 9. Bc2 Na5 10. a4 c5 11. b4 cxb4 12. cxb4 Nc6 13. axb5 Nxb4 14. Bb3 Bb7 15. Qd2 a5 16. Nc3 Nd7 17.
Ba3 Nc5 18. Bc4 Kh8 19. Rfb1 f5 20. Bxb4 axb4 21. Rxb4 Rxa1+ 22. Kh2 fxe4 23. dxe4 Nxe4 24. Nxe4 Bxe4 25. Ne1 d5 26. Be2 Bxb4 27. Qxb4 Ra2 28. Bf3 Bxf3 29. Nxf3 Rxf2 30. b6 R8xf3 31. b7 Rf8 32.
Qa3 R2f7 33. Qa6 Qb8 34. Qe6 d4 35. h4 e4+ 36. Kh3 e3 37. h5 h6 38. g4 Qxb7 39.
g5 Qf3+ 40. Kh2 Qxh5+ 41. Kg3 Qxg5+ 42. Qg4 Rf3+ 43. Kh2 Qxg4 44. Kh1 Rh3# 0-1

[Event "Late-Titled-Tuesday-Blitz-November-28-2023"]
[Site "Chess.com"]
[Date "2023.11.28"]
[Round "4"]
[White "C_K_G"]
[Black "MeesvanOsch"]
[Result "1-0"]
[WhiteElo "2193"]
[BlackElo "2398"]
[TimeControl "180+1"]
[EndTime "14:37:22 PST"]
[Termination "C_K_G won by resignation"]

1. e4 e6 2. Nf3 d5 3. Nc3 Nf6 4. e5 Nfd7 5. d4 c5 6. Bg5 Qb6 7. dxc5 Nxc5 8. Bb5+ Bd7 9. a4 a6 10. a5 Qc7 11. Bd3 Nc6 12. Bf4 Be7 13. O-O Nxa5 14. Bg3 h5 15. Nxd5 exd5 16. e6 Qb6 17. exd7+ Nxd7 18. Re1 Kf8 19. Bf5 Rd8 20. Qxd5 Nc5 21. Qa2 Nc6 22. c3 h4 23. Bf4 Rh5 24. Bg4 Rhd5 25. Be3 Qc7 26. Nd4 Nd3 27. Red1 Nce5 28. Bh3 Bc5 29. Nf5 Nb4 30. Qb3 Rxd1+ 31. Rxd1 Rxd1+ 32. Qxd1 Nbd3 33. Bxc5+ Qxc5 34. Nd4 g6 35. Qd2 b5 36. Nf3 Nxf3+ 37. gxf3 Qd6 38. Bf1 Qe5 39.
Qxd3 Qg5+ 40. Kh1 Qc1 41. b4 h3 42. f4 Qxf4 43. Qxh3 Qxf2 44. Qg2 Qe1 45. Qh3 Kg7 46. Kg1 Qd2 47. Qg3 Qe1 48. Qxe1 1-0

[Event "Late-Titled-Tuesday-Blitz-November-28-2023"]
[Site "Chess.com"]
[Date "2023.11.28"]
[Round "4"]
[White "Sulthankan"]
[Black "Tomytoteph"]
[Result "1-0"]
[WhiteElo "2386"]
[BlackElo "2599"]
[TimeControl "180+1"]
[EndTime "14:37:25 PST"]
[Termination "Sulthankan won by checkmate"]

1. d4 Nf6 2. c4 e6 3. Nf3 Bb4+ 4. Nbd2 Ne4 5. Qc2 f5 6. a3 Nxd2 7. Bxd2 Bxd2+ 8. Qxd2 Qf6 9. g3 O-O 10. Bg2 d6 11. O-O Nd7 12. Rae1 e5 13. dxe5 Nxe5 14. Nxe5 dxe5 15. Bd5+ Kh8 16. Qc3 f4 17. Bg2 c6 18.
Rd1 Bg4 19. Rd2 Rad8 20. c5 Qe7 21. b4 h6 22. h3 Bc8 23. Rfd1 Rxd2 24. Qxd2 fxg3 25.
fxg3 e4 26. Qd6 Qf7 27. Rf1 Bf5 28. g4 g6 29. gxf5 gxf5 30. Qxh6+ Kg8 31. Bxe4 Qe7 32. Bf3 Rf6 33. Qg5+ Kf8 34. Kh1 Ke8 35. Rg1 Kd7 36. Qg7 Rf7 37. Rd1+ Kc7 38. Qg3+ f4 39. Qg6 b6 40.
Qd6+ Qxd6 41. Rxd6 bxc5 42. Rxc6+ Kd7 43. Rxc5 Kd6 44. h4 Rh7 45. h5 Ke6 46. Ra5 Kd6 47. Kh2 Ke6 48. Kh3 Kf6 49. Kh4 Rg7 50. Ra6+ Kf5 51. Rg6 Rc7 52. Rg5+ Kf6 53. Rc5 Rd7 54. Kg4 Rd2 55. Kxf4 Ra2 56. Rc6+ Kg7 57. Kg5 Rxa3 58. Rc7+ Kf8 59. h6 Ra1 60. h7 Rg1+ 61. Kf6 Rh1 62. Rc8# 1-0

[Event "Late-Titled-Tuesday-Blitz-November-28-2023"]
[Site "Chess.com"]
[Date "2023.11.28"]
[Round "4"]
[White "DreamsAreFake"]
[Black "Arash_Tahbaz"]
[Result "1-0"]
[WhiteElo "2668"]
[BlackElo "2894"]
[TimeControl "180+1"]
[EndTime "14:37:26 PST"]
[Termination "DreamsAreFake won by checkmate"]

1. Nf3 Nf6 2. g3 d5 3. Bg2 c6 4. O-O Bf5 5. d3 h6 6. c4 e6 7. cxd5 exd5 8. Nc3 Be7 9. Nd4 Bg6 10. e4 dxe4 11. dxe4 O-O 12. Be3 Na6 13. f3 Re8 14. Qe2 Qc7 15. Rac1 Rad8 16. Rfd1 h5 17. Qf2 Qa5 18.
Nb3 Qb4 19. e5 Nh7 20. f4 Bf5 21. Bxa7 h4 22. Bb6 Rxd1+ 23. Rxd1 Bg4 24. Rd2 Qc4 25. Be3 Bb4 26. Rd4 Qe6 27. Ne4 Bf5 28. Nd6 Bxd6 29. Rxd6 Qc4 30. Nd4 g6 31. Nxf5 gxf5 32. b3 Qc3 33.
gxh4 Nf8 34. Qg3+ Kh7 35. Bh3 Ne6 36. Bxf5+ Kh8 37. Bg4 Rg8 38. f5 Nec5 39. Rh6+ Kg7 40. e6 Ne4 41. Qf4 Nac5 42. f6+ Kf8 43. e7+ Ke8 44.
Qb8# 1-0

[Event "Late-Titled-Tuesday-Blitz-November-28-2023"]
[Site "Chess.com"]
[Date "2023.11.28"]
[Round "4"]
[White "GothamChess"]
[Black "noblerone"]
[Result "1-0"]
[WhiteElo "2659"]
[BlackElo "2501"]
[TimeControl "180+1"]
[EndTime "14:37:26 PST"]
[Termination "GothamChess won by checkmate"]

1. e4 c6 2. d4 d5 3. f3 dxe4 4. fxe4 e5 5. Nf3 Be6 6. c3 Nd7 7. Bd3 Bd6 8. O-O h6 9. Nbd2 Ngf6 10. Bc4 Qe7 11. Qe2 O-O-O 12. Bxe6 Qxe6 13. Nc4 Bc7 14. Re1 Rhe8 15. Qf1 Kb8 16. b3 g5 17. Bb2 Nh5 18. Ne3 Nf4 19. Rad1 Bb6 20. g3 Nh3+ 21.
Kg2 g4 22. Nd2 h5 23. Qf5 exd4 24. cxd4 Qh6 25. Ndc4 Bc7 26. e5 Nb6 27. Bc1 Qg7 28. a4 Nd5 29. Nxd5 cxd5 30. Ne3 Ba5 31. Bd2 Ng5 32.
Bxa5 b6 33. Bb4 Nf3 34. Re2 Qh6 35. Qf4 Qh7 36. e6+ Ka8 37. exf7 Rh8 38. Be7 Rdf8 39.
Bxf8 Rxf8 40. Nxd5 h4 41. Re8+ Kb7 42. Qc7+ Ka6 43.
Qc4+ Kb7 44. Qc8# 1-0

[Event "Late-Titled-Tuesday-Blitz-November-28-2023"]
[Site "Chess.com"]
[Date "2023.11.28"]
[Round "4"]
[White "Good_Knight_Kiss"]
[Black "JiiHart"]
[Result "1-0"]
[WhiteElo "2313"]
[BlackElo "2113"]
[TimeControl "180+1"]
[EndTime "14:37:28 PST"]
[Termination "Good_Knight_Kiss won on time"]

1. e4 c5 2. Nf3 Nc6 3. d4 cxd4 4. Nxd4 Nf6 5. Nc3 d6 6. Nd5 e6 7. Nxf6+ gxf6 8. Be3 a6 9. Qh5 Qa5+ 10. Qxa5 Nxa5 11.
Bd3 Bd7 12. O-O h5 13. f4 Be7 14. f5 e5 15. Ne2 Rc8 16. b3 h4 17. c4 Nc6 18.
Nc3 Kf8 19. Nd5 Kg7 20. Rad1 Rcg8 21. Be2 Bd8 22. Rd3 b5 23. cxb5 axb5 24. Rc1 Ba5 25. Nb6 Bxb6 26. Bxb6 Nd4 27. Bxd4 exd4 28. Rxd4 Rc8 29.
Rxc8 Rxc8 30. Rxd6 Rc7 31. Kf2 b4 32. Bc4 Kh6 33. Ke3 Kg5 34. Rb6 Ra7 35. Rd6 Be8 36.
Rd8 Bc6 37. Rd6 Be8 38. Rd2 Ra5 39. Bd5 Bb5 40. Kd4 1-0

[Event "Late-Titled-Tuesday-Blitz-November-28-2023"]
[Site "Chess.com"]
[Date "2023.11.28"]
[Round "4"]
[White "gahryman"]
[Black "Msb2"]
[Result "1/2-1/2"]
[WhiteElo "2693"]
[BlackElo "3026"]
[TimeControl "180+1"]
[EndTime "14:37:32 PST"]
[Termination "Game drawn by repetition"]

1. e4 e6 2. d4 d5 3. e5 c5 4. Nf3 cxd4 5. Bd3 Ne7 6. O-O Nec6 7. Nbd2 Nd7 8. Re1 Be7 9. Nb3 O-O 10. Nbxd4 Nc5 11. c3 f5 12. exf6 Bxf6 13. Bc2 Qd6 14. Be3 a6 15. Nxc6 bxc6 16. Bd4 Nd7 17. Qd3 g6 18.
Bxf6 Rxf6 19. Qe3 Bb7 20. Rad1 Raf8 21. Rd2 c5 22. Ne5 Nxe5 23. Qxe5 Qxe5 24. Rxe5 Rb8 25.
c4 dxc4 26. Rxc5 Bd5 27. Bd1 Rff8 28. Bf3 Rfc8 29. Rxc8+ Rxc8 30. Bxd5 exd5 31. Rxd5 Rb8 32. g3 Rxb2 33. Rc5 Rxa2 34. Rxc4 Kg7 35. Rc7+ Kh6 36.
h4 Rd2 37. Ra7 Rd6 38. Kg2 Rb6 39. g4 g5 40. h5 Rd6 41. f3 Re6 42. Kf2 Rf6 43.
Ke3 Re6+ 44. Kd4 Rf6 45. Ke4 Rf4+ 46. Ke3 Rf6 47. Ke4 Rf4+ 48. Ke3 Rf6 49. Ke4 1/2-1/2

[Event "Late-Titled-Tuesday-Blitz-November-28-2023"]
[Site "Chess.com"]
[Date "2023.11.28"]
[Round "4"]
[White "serena-maria"]
[Black "DanylaBagrov"]
[Result "0-1"]
[WhiteElo "2325"]
[BlackElo "2598"]
[TimeControl "180+1"]
[EndTime "14:37:33 PST"]
[Termination "DanylaBagrov won by checkmate"]

1. e4 d6 2. d4 Nf6 3. Nc3 e5 4. dxe5 dxe5 5. Qxd8+ Kxd8 6. Bg5 Be6 7. O-O-O+ Bd6 8.
Nb5 Ke7 9. Nxd6 cxd6 10. f4 h6 11. Bxf6+ gxf6 12. f5 Bd7 13. Bc4 Bc6 14. Bd5 Rg8 15.
g3 Nd7 16. Ne2 Rac8 17. Nc3 Nb6 18. Rd3 h5 19. Rhd1 h4 20. Bb3 hxg3 21. hxg3 Rg4 22.
Rxd6 Bxe4 23. Nb5 Rc6 24. Rd8 a6 25. Na7 Rc7 26. R8d6 Nc4 27. Bxc4 Rxc4 28. Rd7+ Kf8 29. c3 Rxg3 30. Rd8+ Kg7 31. Nc8 Bxf5 32. Nd6 Rf4 33.
Rh1 Rg2 34. Kd1 Bg4+ 35. Kc1 Rff2 36. Ne8+ Kf8 37. Nc7+ Ke7 38. Re8+ Kd7 39. Rd1+ Bxd1 40. Kxd1 Kxc7 41. Re7+ Kd6 42. Rxf7 Rg1# 0-1

[Event "Late-Titled-Tuesday-Blitz-November-28-2023"]
[Site "Chess.com"]
[Date "2023.11.28"]
[Round "4"]
[White "sansanathalia"]
[Black "Bryanl106"]
[Result "0-1"]
[WhiteElo "2191"]
[BlackElo "2438"]
[TimeControl "180+1"]
[EndTime "14:37:36 PST"]
[Termination "Bryanl106 won on time"]

1. e4 e5 2. Nf3 Nc6 3. d4 exd4 4. Nxd4 Bb4+ 5. Nc3 Nf6 6. Nxc6 bxc6 7. Bd2 O-O 8.
Bd3 d5 9. exd5 cxd5 10. O-O c6 11.
a3 Bd6 12. h3 h6 13. Qf3 Be6 14. Bf4 Qb8 15. Bxh6 Qxb2 16. Bg5 Be5 17. Ne2 Qb8 18.
Rab1 Qd6 19. Ng3 Rfb8 20. Bxf6 Bxf6 21. Qh5 Kf8 22. Rbe1 Qf4 23. Nf5 g6 24. Qh6+ Qxh6 25. Nxh6 Kg7 26. Ng4 Bc3 27. Rb1 Bb2 28. a4 d4 29. Ne5 Bd5 30. Bc4 Bc3 31. Bxd5 cxd5 32.
Nd3 Rb6 33. Nf4 Ra6 34. Nxd5 Rxa4 35. Rb3 Rc8 36. Rfb1 Ra2 37. Rb7 Re8 38. Rc7 Re1+ 39. Rxe1 Bxe1 40. Nf4 Bc3 41. Nd3 Rxc2 42. Kh2 Kf6 43.
Nc5 Rd2 44. Nd7+ Ke7 45. Ne5+ Kd6 0-1

[Event "Late-Titled-Tuesday-Blitz-November-28-2023"]
[Site "Chess.com"]
[Date "2023.11.28"]
[Round "4"]
[White "vi_pranav"]
[Black "eljanov"]
[Result "1-0"]
[WhiteElo "3063"]
[BlackElo "2871"]
[TimeControl "180+1"]
[EndTime "14:37:40 PST"]
[Termination "vi_pranav won on time"]

1. e4 e5 2. Nf3 Nc6 3. Bc4 Bc5 4. Qe2 Nf6 5. Ng5 O-O 6. Nxf7 Qe7 7. Ng5+ Kh8 8. c3 h6 9. Nf3 d6 10. h3 Nh5 11. d3 Bd7 12. Na3 Nf4 13. Bxf4 Rxf4 14.
Nc2 Na5 15. Bb3 Nxb3 16. axb3 Raf8 17. Ne3 Be6 18. b4 Bb6 19. Rd1 c6 20. Ng4 Kg8 21. Ne3 Qf6 22. Rd2 d5 23. exd5 cxd5 24. Rf1 e4 25.
dxe4 Rxe4 26. Kd1 d4 27. Nxd4 Bxd4 28. cxd4 Bb3+ 29. Ke1 Rxd4 30. Rxd4 Qxd4 31. Qd2 Qf4 32. Qc3 Bf7 33. Ke2 Bh5+ 34. f3 Re8 35. Kf2 Bf7 36. Re1 Qh4+ 37. Kf1 Qf4 38. Ng4 Rd8 39. Ne5 Bd5 40. Ng6 Qg5 41. Ne7+ Kh8 42. Re5 1-0

[Event "Late-Titled-Tuesday-Blitz-November-28-2023"]
[Site "Chess.com"]
[Date "2023.11.28"]
[Round "4"]
[White "cthulhuuu"]
[Black "VladimirBugayev"]
[Result "1-0"]
[WhiteElo "2492"]
[BlackElo "2313"]
[TimeControl "180+1"]
[EndTime "14:37:40 PST"]
[Termination "cthulhuuu won on time"]

1. e4 c6 2. d3 d5 3. Nd2 e5 4.
Ngf3 Bd6 5. d4 exd4 6. exd5 Nf6 7.
dxc6 Nxc6 8. Nb3 Bc7 9. Nbxd4 O-O 10. Nxc6 Qe8+ 11. Be2 Qxc6 12. O-O Rd8 13. Qe1 Bf5 14. c3 Qb6 15. b4 Ne4 16. Be3 Qf6 17. Bd4 Rxd4 18. cxd4 Qd6 19. Rc1 Re8 20. Bb5 Rd8 21. Qe3 Bg6 22. Ne5 Bb8 23. g3 Bf5 24. Bd3 Qxd4 25.
Qxd4 Rxd4 26. Bxe4 Rxe4 27. Rfd1 g6 28. Rd8+ Kg7 29.
Rxb8 Rxe5 30. Rxb7 a5 31. b5 Re2 32. a4 Rb2 33. b6 Be4 34. Rb8 Bf3 35. Kf1 h5 36.
Ke1 Re2+ 37. Kf1 Rb2 38. h3 g5 39. Ke1 Re2+ 40. Kf1 Rb2 41. Kg1 g4 42. hxg4 hxg4 43.
Rf1 1-0

[Event "Late-Titled-Tuesday-Blitz-November-28-2023"]
[Site "Chess.com"]
[Date "2023.11.28"]
[Round "4"]
[White "Byniolus"]
[Black "WPWPWP-2015"]
[Result "1-0"]
[WhiteElo "2782"]
[BlackElo "2533"]
[TimeControl "180+1"]
[EndTime "14:37:41 PST"]
[Termination "Byniolus won by resignation"]

1. d4 Nf6 2. Nf3 e6 3. Bf4 Be7 4. h3 b6 5. Nbd2 Bb7 6. e3 O-O 7. Bd3 c5 8. c3 d6 9. Qe2 a6 10. a4 Nbd7 11. O-O Re8 12. Bh2 Bf8 13. e4 g6 14. e5 dxe5 15. dxe5 Nd5 16. Ne4 Qc7 17. Rad1 Qc6 18. h4 Qxa4 19. h5 Qc6 20. hxg6 fxg6 21. Nfg5 Bg7 22. f4 b5 23. Kh1 c4 24. Bb1 Re7 25.
Nd6 Rf8 26. Nxb7 Qxb7 27. Nxh7 Rf5 28. Bxf5 gxf5 29. Ng5 Nf8 30. Qf3 Nb6 31. Qxb7 Rxb7 32. Rd8 Re7 33. Bg1 Na4 34. Ra1 Bh6 35. Rxa4 bxa4 36.
Bc5 Bxg5 37. fxg5 Rb7 38. Bxf8 Kf7 39. Ba3 Kg6 40. Rg8+ Kf7 41. Ra8 Kg6 42. Rxa6 Kxg5 43. Rxe6 Rh7+ 44. Kg1 Kf4 45. Re8 Rd7 46. e6 Kg3 47.
exd7 1-0

[Event "Late-Titled-Tuesday-Blitz-November-28-2023"]
[Site "Chess.com"]
[Date "2023.11.28"]
[Round "4"]
[White "colegiodemadrid"]
[Black "nitpicker"]
[Result "1-0"]
[WhiteElo "2494"]
[BlackElo "2317"]
[TimeControl "180+1"]
[EndTime "14:37:41 PST"]
[Termination "colegiodemadrid won on time"]

1. d4 Nf6 2. c4 e6 3. Nc3 Bb4 4. e3 d5 5. Ne2 O-O 6. a3 Be7 7. cxd5 exd5 8. Nf4 c6 9. Bd3 Re8 10. O-O Bd6 11. Qc2 Nbd7 12. b4 a6 13. Rb1 Nf8 14. a4 b5 15. a5 Qc7 16. h3 Bxf4 17. exf4 Ne6 18. Qd2 Nxd4 19. Bxh7+ Kxh7 20. Qxd4 Bf5 21. Rb2 Ne4 22. Be3 Nxc3 23. Qxc3 Re4 24. Rc1 Rc4 25. Qd2 Re8 26. Rxc4 bxc4 27. Qd1 c3 28. Rb3 c2 29. Qh5+ Kg8 30. Rc3 g6 31. Qh6 d4 32. Bxd4 f6 33.
Bxf6 Qh7 34. Qxh7+ Kxh7 35. Kf1 Re6 36. Be5 g5 37. g4 Bd3+ 38. Kg2 gxf4 39. Bxf4 Re4 40. Be3 Bb5 41. Kf3 Rc4 42. Rxc4 Bxc4 43. Ke4 Bb5 44.
Kf5 Kg7 45. f4 Kf7 46. h4 Bd3+ 47. Kg5 Ke6 48. h5 Kd5 49. f5 Ke4 50. Bc1 Kd4 51.
h6 1-0

[Event "Late-Titled-Tuesday-Blitz-November-28-2023"]
[Site "Chess.com"]
[Date "2023.11.28"]
[Round "4"]
[White "egnfanclub"]
[Black "karinachess1"]
[Result "0-1"]
[WhiteElo "2348"]
[BlackElo "2604"]
[TimeControl "180+1"]
[EndTime "14:37:44 PST"]
[Termination "karinachess1 won by resignation"]

1. e4 e5 2. Nf3 Nc6 3. d4 exd4 4. Bc4 Nf6 5. O-O Nxe4 6. Nc3 Nxc3 7. bxc3 d5 8. Bb5 Be7 9. cxd4 O-O 10. Re1 Bg4 11. c3 Bd6 12. h3 Bh5 13. Bxc6 bxc6 14. Qd3 c5 15. Ne5 cxd4 16. cxd4 Bg6 17. Nxg6 fxg6 18.
Be3 Qf6 19. Rac1 a5 20. Qb5 Qf7 21. Re2 a4 22. Rec2 h6 23. Qd3 g5 24. Rf1 Qe6 25.
Re2 Qf7 26. f3 a3 27. Rfe1 Rfb8 28. Bc1 Bb4 29. Rf1 c5 30. f4 c4 31. Qf3 gxf4 32.
Bxf4 Re8 33. Be5 Qxf3 34. Rxf3 Bd6 35. Rfe3 Bxe5 36. Rxe5 Rxe5 37. Rxe5 c3 38. Re2 Rc8 39. Rc2 Kf7 40. Kf2 Ke6 41. Ke3 Kf5 42. g3 h5 43.
Rf2+ Kg5 44. Kd3 h4 45. g4 Rc4 46. Rf5+ Kg6 47. Kc2 Rxd4 48. Kxc3 Rd1 49. Kb3 Rd3+ 50. Kb4 d4 51. Ra5 Rxh3 52. Rxa3 Rxa3 53. Kxa3 h3 0-1

[Event "Late-Titled-Tuesday-Blitz-November-28-2023"]
[Site "Chess.com"]
[Date "2023.11.28"]
[Round "4"]
[White "Hilary46"]
[Black "Jahonas"]
[Result "1-0"]
[WhiteElo "2631"]
[BlackElo "2410"]
[TimeControl "180+1"]
[EndTime "14:37:52 PST"]
[Termination "Hilary46 won by resignation"]

1. e4 c6 2. d4 d5 3. e5 Bf5 4. c4 e6 5. Nc3 Ne7 6. Nf3 Nd7 7. cxd5 Nxd5 8. Bd3 Nxc3 9. bxc3 Bxd3 10. Qxd3 Be7 11.
O-O O-O 12. Rb1 Qc7 13. Bg5 Rfe8 14. Bxe7 Rxe7 15. Ng5 Nf8 16. Ne4 b6 17. Nd6 Rd7 18.
f4 Rad8 19. f5 Rxd6 20. exd6 Qxd6 21. fxe6 Nxe6 22. Qf5 f6 23. Rbe1 Nc7 24. Qf4 Qd7 25.
Rf3 Nd5 26. Qe4 b5 27. Qe6+ Kf8 28. Qxd7 Rxd7 29. Re6 Rc7 30. Kf2 Kf7 31. Re1 Nb6 32. Ke2 Nc4 33. Kd3 Rd7 34. Kc2 a5 35. Rf2 a4 36. g4 Kg6 37. h4 h5 38. Rg2 hxg4 39. Rxg4+ Kh6 40. Re8 Kh7 41. Rge4 Rd5 42. R8e7 Rf5 43.
Rg4 Rf2+ 44. Kc1 Rxa2 45. Rexg7+ Kh6 46. R4g6+ Kh5 47. Rxf6 Ne3 48. Rxc6 Rc2+ 49. Kb1 a3 50. Rg5+ Kxh4 51. Rxb5 a2+ 52. Ka1 Rxc3 53. Rxc3 1-0

[Event "Late-Titled-Tuesday-Blitz-November-28-2023"]
[Site "Chess.com"]
[Date "2023.11.28"]
[Round "4"]
[White "Yushko_Olga"]
[Black "Heinza9"]
[Result "0-1"]
[WhiteElo "2129"]
[BlackElo "2317"]
[TimeControl "180+1"]
[EndTime "14:37:54 PST"]
[Termination "Heinza9 won by checkmate"]

1. d4 f5 2. g3 Nf6 3. Bg2 g6 4. Nh3 Bg7 5. O-O O-O 6. Nd2 d6 7. f3 e5 8. c3 h6 9. Nf2 exd4 10. cxd4 d5 11. e3 c6 12. Nd3 Nbd7 13. b3 Re8 14.
Re1 Nh5 15. Bb2 a5 16. e4 dxe4 17. fxe4 fxe4 18. Nxe4 Ndf6 19. Ne5 Bf5 20. Qd3 Nxe4 21. Bxe4 Bxe5 22. Bxf5 gxf5 23. Qc4+ Qd5 24. Qxd5+ cxd5 25. dxe5 Ng7 26. Rad1 Rad8 27. Bc3 a4 28. bxa4 Ne6 29.
Bd4 Ra8 30. Bb6 Rxa4 31. Rxd5 Rb4 32. Be3 f4 33. Bd2 Rd4 34. Rxd4 Nxd4 35. Re4 Nf3+ 36.
Kf2 Nxd2 37. Re2 Nc4 38. gxf4 Kf7 39. Rc2 b5 40. a4 Nxe5 41. fxe5 bxa4 42. Rc4 Ra8 43.
Rc2 Ke6 44. Kg3 a3 45. Ra2 Kxe5 46. Kh4 Kd4 47. Kh5 Ra6 48. h4 Kc3 49. Ra1 Kb2 50.
Rh1 a2 51. Rh2+ Kb3 52. Rh3+ Kc4 53. Rh1 a1=Q 54. Rxa1 Rxa1 55. Kxh6 Kd5 56. h5 Ke6 57. Kg7 Rg1+ 58. Kh7 Kf7 59. h6 Rh1 60. Kh8 Rxh6# 0-1

[Event "Late-Titled-Tuesday-Blitz-November-28-2023"]
[Site "Chess.com"]
[Date "2023.11.28"]
[Round "4"]
[White "liwadas82"]
[Black "Mikhail_Golubev"]
[Result "0-1"]
[WhiteElo "2368"]
[BlackElo "2587"]
[TimeControl "180+1"]
[EndTime "14:37:58 PST"]
[Termination "Mikhail_Golubev won by checkmate"]

1. e4 c5 2. Nf3 d6 3. d4 Nf6 4. Nc3 cxd4 5. Nxd4 Nc6 6. Be3 Ng4 7. Bb5 Nxe3 8.
fxe3 Bd7 9. Bxc6 bxc6 10. O-O e6 11. Qf3 Qf6 12. Qh5 Qg6 13. Qa5 f6 14. Qc7 Qf7 15.
Qb7 Rc8 16. Qxa7 e5 17. Nb3 Be7 18. a4 Qe6 19. a5 O-O 20. a6 Ra8 21. Qc7 Rfc8 22.
Qa5 Ra7 23. Na4 Rca8 24. Nb6 Bd8 25. Qb4 c5 26. Qa5 Rb8 27. Nxd7 Bxa5 28. Nxb8 Bb6 29.
Nc6 Ra8 30. a7 Qd7 31. Nba5 Bxa5 32. Nxa5 Rxa7 33. Nc4 h5 34. Rxa7 Qxa7 35. Rd1 Qb7 36.
Rxd6 Qxe4 37. b3 h4 38. h3 Kh7 39. Rd7 Kh6 40. Nd6 Qxc2 41. Ne8 Qc1+ 42. Kh2 Qxe3 43.
Nxg7 Qg3+ 44. Kg1 Qxg7 45. Rxg7 Kxg7 46. Kf2 f5 47. Kf3 Kf6 48. g3 e4+ 49. Kf4 hxg3 50. Kxg3 Kg5 51. Kg2 f4 52. Kf2 Kh4 53. Kg2 f3+ 54. Kh2 e3 55. Kg1 Kg3 56. b4 e2 57.
Kh1 e1=R# 0-1

[Event "Late-Titled-Tuesday-Blitz-November-28-2023"]
[Site "Chess.com"]
[Date "2023.11.28"]
[Round "4"]
[White "PushingpawnsNYC"]
[Black "ATM622"]
[Result "1-0"]
[WhiteElo "2328"]
[BlackElo "2470"]
[TimeControl "180+1"]
[EndTime "14:37:59 PST"]
[Termination "PushingpawnsNYC won on time"]

1. e4 c6 2. d4 d5 3. e5 Bf5 4. Ne2 e6 5. Ng3 Bg6 6. h4 h6 7. Bd3 Bxd3 8. Qxd3 Nd7 9. h5 c5 10. c3 Ne7 11. Nd2 f6 12. f4 cxd4 13. cxd4 f5 14. Nf3 Nc6 15. a3 Qb6 16. O-O Be7 17. b4 a6 18. Be3 O-O 19. Rac1 Rac8 20. Rc2 Na7 21. Rfc1 a5 22. bxa5 Qxa5 23. Rxc8 Rxc8 24. Rxc8+ Nxc8 25. Qc2 Na7 26. Qb3 Qxa3 27. Qxb7 Qxe3+ 28. Kh2 Qxf4 29. Qxd7 Bh4 30. Qxe6+ Kh8 31. Qe8+ Kh7 32. Qg6+ Kh8 33. Qe8+ Kh7 34. Qg6+ Kg8 35. Nxh4 Qxh4+ 36. Kg1 Qxd4+ 37. Kh2 Qxe5 38. Qxf5 Qxf5 39. Nxf5 Nc6 40. Kg3 Kf7 41. Kf4 Kf6 42. Nd6 Ke6 43. Ne8 Kf7 44. Nc7 d4 45. Ke4 Kf6 46. Ne8+ Kf7 47. Nd6+ Ke7 48.
Nf5+ Kf6 49. Nd6 Ne7 50. Ne8+ Kf7 51. Nd6+ Ke6 52. Ne8 Nf5 53. g4 Nd6+ 54. Nxd6 d3 55. Kd4 1-0